cohdb
Replays
Latest Replays
All Replays
Popular Replays
Top Player Replays
Match Explorer
How It Works
Community
CoH3 Stats
Reddit
Sign in to upload your games and track your stats! →
Sign in with Steam
Match 27522877
Unlisted
Match 27522877
Overview
Messages
Build Orders
End
Construct Barracks
Selects Special Operations Battlegroup
Selects M29 Weasel Recon Vehicle
Riflemen Squad
M29 Weasel Recon Vehicle
Riflemen Squad
Engineer Squad
Grenade Package
Infantry Support Center
Riflemen Squad
Construct Medical Station
M1918 Browning Automatic Rifles
Selects Raiding Flares
Raiding Flares
Construct Weapon Support Center
Advanced Logistics
Engineer Squad
Raiding Flares
Munitions Surplus
Bazooka Squad
Selects SSF Commando Squad
Bazooka Squad
Construct Motor Pool
M1919 Machine Gun Team
jaws2005
MMMMMMMMMMMM
0
0
Comments
sign in to comment!
No comments posted yet!